Map: [ESL] Solaris

Players

Cyan

  • Race: Protoss Protoss
  • Spawn Location: 7:00

Reynor - Winner!

  • Race: Zerg Zerg
  • Spawn Location: 1:00

Event: ESL SC2 Masters 2023 Winter (Finals)

VOD

Have the link to the VOD?

Description

Time

  • Played on: Dec. 15, 2023, 4:48 p.m.
  • Length: 8:31

All games in this series

Show
View Real Time Build Order
Export as new Build Order

Cyan Protoss 

Build Orders: 1 Gate Expand, Oracle Opening 

Get SALT Encoding   

  12  0:00  Probe  
  13  0:13  Pylon  
  13  0:17  Probe (Chrono Boost)  
  14  0:27  Probe (Chrono Boost)  
  15  0:32  Probe (Chrono Boost)  
  16  0:39  Gateway  
  16  0:43  Probe  
  16  0:47  Assimilator  
  17  0:55  Probe  
  18  1:07  Probe  
  19  1:19  Probe  
  19  1:24  Nexus  
  20  1:34  Cybernetics Core  
  20  1:36  Probe  
  21  1:41  Assimilator  
  21  1:48  Probe  
  21  1:51  Pylon  
  22  2:00  Probe (Chrono Boost)  
  23  2:09  Adept  
  23  2:12  Probe (Chrono Boost)  
  26  2:16  Stargate  
  26  2:19  Probe (Chrono Boost)  
  27  2:25  Warp Gate  
  27  2:27  Probe (Chrono Boost)  
  30  2:37  Probe (Chrono Boost)  
  30  2:38  Probe (Chrono Boost)  
  30  2:39  Adept  
  33  2:46  Probe x2 (Chrono Boost)  
  34  2:52  Probe  
  34  2:53  Probe  
  36  3:04  Probe  
  36  3:05  Void Ray (Chrono Boost)  
  41  3:09  Adept  
  41  3:11  Probe  
  44  3:16  Pylon  
  44  3:17  Probe  
  45  3:25  Probe  
  46  3:30  Gateway  
  46  3:34  Probe  
  46  3:36  Oracle (Chrono Boost)  
  46  3:40  Probe  
  51  3:47  Probe  
  52  3:58  Nexus, Probe  
  52  4:00  Pylon  
  52  4:02  Probe  
  52  4:04  Pylon  
  52  4:10  Twilight Council  
  52  4:13  Forge  
  52  4:17  Probe  
  52  4:18  Oracle  
  52  4:19  Probe  
  57  4:27  Gateway  
  57  4:34  Adept  
  57  4:37  Charge  
  57  4:38  Shield Battery, Adept  
  59  4:40  Probe  
  62  4:46  Probe  
  63  4:53  Probe  
  63  4:55  Gateway  
  63  4:57  Gateway  
  63  4:58  Probe  
  65  5:00  Pylon  
  65  5:05  Probe  
  66  5:16  Probe  
  66  5:19  Protoss Ground Weapons Level 1 (Chrono Boost)  
  66  5:20  Gateway  
  65  5:21  Stalker  
  65  5:22  Gateway, Probe  
  65  5:24  Gateway  
  65  5:25  Stalker  
  65  5:26  Probe  
  65  5:27  Gateway  
  65  5:28  Probe  
  72  5:34  Probe  
  73  5:38  Probe, Stalker  
  76  5:44  Zealot  
  76  5:46  Pylon  
  76  5:48  Pylon  
  78  5:54  Zealot  
  78  5:55  Zealot x2  
  78  5:56  Probe x2  
  86  5:57  Probe  
  87  6:09  Zealot x2  
  91  6:11  Nexus  
  91  6:12  Pylon  
  91  6:18  Zealot x4  
  99  6:21  Zealot  
  99  6:24  Zealot x2  
  105  6:32  Probe  
  106  6:34  Pylon  
  106  6:49  Zealot x7  
  96  7:04  Zealot x2  
  96  7:08  Probe  
  87  7:09  Probe  
  78  7:16  Zealot x2  
  78  7:17  Zealot x5  
  78  7:20  Probe  
  87  7:23  Probe  
  87  7:25  Probe  
  87  7:27  Gateway  
  85  7:32  Zealot x2, Probe  
  86  7:40  Assimilator  
  86  7:41  Assimilator  
  86  7:42  Probe  
  86  7:43  Shield Battery, Stalker  
  86  7:44  Stalker x5  
  91  7:48  Stalker  
  99  7:54  Shield Battery  
  99  7:56  Stalker x2  
  99  7:57  Pylon  
  103  7:59  Probe x4  
  103  8:12  Stalker x3  
  103  8:15  Zealot x3  
  101  8:21  Stalker x2  
Show
View Real Time Build Order
Export as new Build Order

Reynor Zerg - Winner!

Build Orders: Hatch First 

Get SALT Encoding   

  12  0:00  Drone  
  13  0:07  Drone  
  14  0:33  Hatchery  
  13  0:36  Drone  
  13  0:42  Extractor  
  13  0:43  Drone  
  13  0:49  Overlord  
  15  1:05  Spawning Pool  
  15  1:07  Drone  
  15  1:11  Drone  
  16  1:13  Drone  
  17  1:19  Drone  
  18  1:27  Extractor  
  18  1:30  Drone  
  18  1:41  Drone  
  18  1:45  Drone  
  20  1:51  Queen x2  
  20  1:53  Drone  
  25  1:55  Drone  
  26  2:02  Overlord  
  26  2:06  Drone  
  27  2:14  Drone  
  28  2:21  Zergling x2  
  29  2:26  Drone  
  29  2:27  Queen x2  
  34  2:31  Overlord  
  34  2:35  Drone  
  35  2:39  Drone  
  36  2:49  Hatchery  
  35  2:52  Drone  
  35  2:54  Drone  
  35  2:58  Zergling x2  
  38  3:01  Drone x2  
  38  3:04  Overlord  
  40  3:06  Drone  
  40  3:09  Drone  
  40  3:11  Drone  
  43  3:13  Drone  
  43  3:16  Overlord  
  44  3:24  Queen  
  46  3:30  Metabolic Boost  
  46  3:31  Drone x3  
  49  3:36  Queen  
  49  3:39  Overlord  
  51  3:41  Zergling x2  
  51  3:43  Zergling x2  
  53  3:52  Evolution Chamber  
  52  3:55  Spore Crawler  
  52  3:56  Drone x3  
  52  3:58  Drone x3  
  52  4:02  Drone  
  59  4:03  Drone  
  59  4:05  Drone  
  61  4:10  Overlord  
  61  4:11  Drone  
  61  4:12  Drone  
  61  4:14  Drone x2  
  65  4:19  Overlord  
  65  4:20  Drone  
  65  4:23  Spore Crawler  
  65  4:25  Drone  
  65  4:29  Drone x2  
  68  4:31  Overlord  
  68  4:39  Drone x3  
  68  4:41  Evolution Chamber  
  68  4:42  Overlord  
  70  4:47  Drone x3  
  70  4:48  Drone  
  70  4:50  Spore Crawler  
  73  4:55  Lair  
  73  4:56  Drone x2  
  73  4:57  Drone  
  73  4:58  Extractor  
  75  5:00  Zergling x6  
  75  5:04  Overlord  
  75  5:06  Zerg Missile Weapons Level 1  
  78  5:07  Drone  
  78  5:08  Extractor  
  78  5:10  Roach Warren  
  78  5:13  Drone x4  
  81  5:14  Drone  
  81  5:16  Overlord  
  81  5:19  Overlord  
  82  5:22  Overlord  
  82  5:24  Drone x2  
  82  5:27  Overlord  
  84  5:33  Drone x2  
  86  5:36  Drone  
  86  5:37  Extractor, Drone x2  
  86  5:38  Overlord  
  86  5:39  Drone x2  
  90  5:43  Hatchery  
  90  5:44  Overlord  
  90  5:47  Drone x2  
  90  5:48  Drone  
  92  5:51  Zergling x4, Extractor  
  92  5:52  Extractor  
  92  5:54  Glial Reconstitution  
  92  6:00  Overlord  
  92  6:03  Zergling x4  
  94  6:06  Roach x4  
  94  6:08  Zergling x2, Roach  
  94  6:09  Zergling x4  
  107  6:16  Roach x4  
  115  6:18  Roach x3  
  115  6:20  Overseer, Roach  
  115  6:24  Overlord  
  117  6:27  Roach  
  117  6:31  Overlord  
  117  6:32  Roach  
  121  6:34  Ravager x3  
  121  6:35  Zergling x2, Roach  
  121  6:36  Zergling x4  
  126  6:40  Overlord  
  126  6:41  Roach  
  126  6:42  Roach x4  
  131  6:48  Roach x3  
  118  6:56  Queen  
  118  6:57  Roach x2  
  118  6:59  Roach  
  116  7:05  Roach x6  
  116  7:08  Queen  
  124  7:11  Roach  
  124  7:14  Roach  
  119  7:21  Roach x4  
  124  7:24  Drone  
  124  7:26  Drone  
  124  7:29  Roach x3  
  129  7:34  Roach x3  
  135  7:41  Roach x4  
  135  7:42  Overlord  
  143  7:45  Overlord  
  143  7:47  Ravager x5  
  148  7:55  Overlord  
  148  7:57  Ravager x2  
  150  7:58  Zergling x6  
  150  7:59  Zergling x8  
  150  8:02  Roach  
  150  8:03  Roach  
  150  8:05  Overlord  
Tags
 
Add a new tag
Caveats
  • Supply blocks, unpowered buildings, or Contaminate may cause inaccurate times.
  • Supply counts are checked every 10 seconds.